 Dungeon Sprint DCSS version 0.24-a0-581-gc0fa660 (webtiles) character file.

Game seed: 2821178187232318195

13523 silentkaos13 the Severer (level 11, 0/115 HPs)
             Began as a Deep Dwarf Fighter on Aug 25, 2019.
             Was a Believer of Elyvilon.
             Killed from afar by a fire giant (37 damage)
             ... with a bolt of fire
             ... in the Dungeon (Sprint I: "Red Sonja").
             The game lasted 00:17:00 (1814 turns).

silentkaos13 the Severer (Deep Dwarf Fighter)       Turns: 1814, Time: 00:17:01

Health: 0/115      AC: 10    Str: 22    XL:     11   Next: 76%
Magic:  1/1        EV: 15    Int: 10    God:    Elyvilon [**....]
Gold:   376        SH: 14    Dex: 12    Spells: 10/10 levels left

rFire    . . .     SeeInvis .   t - +8 hand axe "Ami Rano" {chop, rElec rN+ MR+++}
rCold    . . .     Gourm    .   c - +0 shield
rNeg     + + .     Faith    .   b - +0 scale mail
rPois    .         Spirit   .   (no helmet)
rElec    +         Reflect  .   (no cloak)
rCorr    .         Harm     .   (no gloves)
MR       ++++.     NoTele   +   (no boots)
Stlth    +.........             (no amulet)
HPRegen  0.00/turn              v - ring "Higong" {rN+ Slay+3}
MPRegen  0.07/turn              (no ring)

@: non-regenerating
A: damage resistance, heal wounds, sense surroundings 2, no regeneration
a: Heal Wounds, Lesser Healing, Heal Other, Divine Protection, Renounce Religion


You were in the Dungeon.
You worshipped Elyvilon.
Elyvilon was pleased with you.
You were not hungry.

You visited 1 branch You collected 1495 gold pieces.
You spent 1119 gold pieces at shops.

Inventory:

Hand Weapons
 a - a +0 war axe
 j - a +2 hand axe of draining
 t - the +8 hand axe "Ami Rano" (weapon) {chop, rElec rN+ MR+++}
   (You bought it in a shop in the Dungeon)

   It inflicts extra damage upon your enemies.
   It insulates you from electricity.
   It protects you from negative energy.
   It affects your resistance to hostile enchantments.
Missiles
 m - 3 curare-tipped darts (quivered)
Armour
 b - a +0 scale mail (worn)
 c - a +0 shield (worn)
Jewellery
 s - an uncursed ring of see invisible
 v - the ring "Higong" (left hand) {rN+ Slay+3}
   (You bought it in a shop in the Dungeon)

   [ring of positive energy]

   It affects your accuracy and damage with ranged weapons and melee attacks
   (+3).
   It protects you from negative energy.
Wands
 d - a wand of digging (5)
 g - a wand of polymorph (12)
Scrolls
 f - a scroll of fear {unknown}
 k - a scroll of blinking
 n - 3 scrolls of identify {unknown}
 u - a scroll of amnesia {unknown}
Potions
 e - 4 potions of curing
 h - a potion of haste
 i - 2 potions of magic
 o - 3 potions of lignification {unknown}
 p - a potion of agility {unknown}
Miscellaneous
 q - a phial of floods


   Skills:
 + Level 12.7 Fighting
 + Level 16.4 Axes
 + Level 2.5 Throwing
 + Level 15.4 Armour
 + Level 8.8 Dodging
 + Level 2.5 Stealth
 + Level 14.7 Shields
 + Level 2.7 Invocations
 + Level 2.1 Evocations


You had 10 spell levels left.
You didn't know any spells.
Your spell library was empty.

Dungeon Overview and Level Annotations

Branches:
Dungeon (1/1)

Altars:
Cheibriados
Dithmenos
Elyvilon
Fedhas
Gozag
Hepliaklqana
Kikubaaqudgha
Makhleb
Nemelex Xobeh
Okawaru
Qazlal
Ru
Sif Muna
Trog
Uskayaw
Vehumet
Wu Jian
Xom
Yredelemnul
Zin
The Shining One
Jiyva
Lugonu

Shops:
D =(=[[(??:?*(%*=[?


Innate Abilities, Weirdness & Mutations

You are resistant to damage.
You can heal yourself by infusing magical energy.
You passively map the area around you.
You do not regenerate.


Message History

The fire giant burns you.
You hit the fire giant.
The fire giant is moderately wounded.
You slash the fire giant!
The fire giant is heavily wounded.
The fire giant barely misses you.
You hit the fire giant but do no damage.
The fire giant is heavily wounded.
You slash the fire giant!
The fire giant is severely wounded.
You barely miss the fire giant.
The fire giant is severely wounded.
You block the fire giant's attack.
You slash the fire giant!
The fire giant is almost dead.
You hit the fire giant but do no damage.
The fire giant is almost dead.
The fire giant casts a spell at you. The bolt of fire hits you!!!
You die...

# ,, +,
##)#.#.#
, ### ,
#.§.##.#
* * , §.#
,* *+
#.##...#
≈ #.#, *
#..#+###,
, , #.# ,
* ,
##...#, ,
#.# ,
,###.# ,
,, #§#*
,, , #.#
,*, , ,
'§# * ,
,#.# * ,
#.#, + ,
####@#, ,
, #§# ,
#.C.C# ,
, §§# *
#...####
≈ , ###,,
C....## ,
≈ ** * ,
.###* * ≈
, * ,, *
, ' '≈ ≈
* ,,, ,,,
, , ,* ,
, * * *
** ,, , ≈
≈


You could see 2 fire giants.

Vanquished Creatures
  A daeva (D)
  2 centaur warriors (D)
  7 unseen horrors (D)
  A deep troll (D)
  A harpy (D)
  A lindwurm (D)
  An oklob plant (D)
  4 demonic crawlers (D)
  2 kobold demonologists (D)
  A hornet (D)
  A slime creature (D)
  2 redbacks (D)
  Sigmund (D)
  A yak (D)
  13 hogs (D)
  2 floating eyes (D)
  An ogre (D)
  7 necrophages (D)
  8 jellies (D)
  Ijyb (D)
  3 ballistomycetes (D)
61 creatures vanquished.

Vanquished Creatures (others)
  2 ballistomycete spores (D)
2 creatures vanquished.

Grand Total: 63 creatures vanquished

Notes
Turn   | Place    | Note
-------+----------+-------------------------------------------
     0 | D        | silentkaos13 the Deep Dwarf Fighter began the quest for the
                  | Orb.
     0 | D        | Reached XP level 1. HP: 20/20 MP: 1/1
     1 | D        | Noticed Ijyb
    13 | D        | Killed Ijyb
    13 | D        | Reached skill level 3 in Axes
    13 | D        | Reached XP level 2. HP: 21/30 MP: 2/2
   117 | D        | Noticed an ogre
   127 | D        | Killed an ogre
   127 | D        | Reached skill level 5 in Fighting
   127 | D        | Reached skill level 4 in Axes
   127 | D        | Reached XP level 3. HP: 9/39 MP: 3/3
   127 | D        | Reached XP level 4. HP: 11/46 MP: 4/4
   128 | D        | Noticed Sigmund
   132 | D        | Killed Sigmund
   132 | D        | Reached skill level 6 in Axes
   132 | D        | Reached XP level 5. HP: 13/56 MP: 5/5
   184 | D        | Found an ornate altar of the Wu Jian Council.
   184 | D        | Found a shimmering blue altar of Sif Muna.
   186 | D        | Found a radiant altar of Vehumet.
   196 | D        | Reached XP level 6. HP: 37/63 MP: 6/6
   327 | D        | Found Atwietza's Antique Weapon Emporium.
   327 | D        | Found an ancient bone altar of Kikubaaqudgha.
   327 | D        | Found a hazy altar of Hepliaklqana.
   327 | D        | Found a stormy altar of Qazlal.
   327 | D        | Found a hide-covered altar of Uskayaw.
   327 | D        | Found a blossoming altar of Fedhas.
   327 | D        | Found a bloodstained altar of Trog.
   327 | D        | Found an iron altar of Okawaru.
   327 | D        | Found a basalt altar of Yredelemnul.
   327 | D        | Found a glowing golden altar of the Shining One.
   327 | D        | Found a snail-covered altar of Cheibriados.
   327 | D        | Found a sacrificial altar of Ru.
   327 | D        | Found a glowing silver altar of Zin.
   327 | D        | Found a shadowy altar of Dithmenos.
   327 | D        | Found a white marble altar of Elyvilon.
   327 | D        | Noticed a yak
   335 | D        | Killed a yak
   335 | D        | Reached skill level 7 in Axes
   335 | D        | Reached skill level 1 in Dodging
   336 | D        | Found an opulent altar of Gozag.
   337 | D        | Found a sparkling altar of Nemelex Xobeh.
   341 | D        | Bought a runed hand axe for 144 gold pieces
   346 | D        | Became a worshipper of Elyvilon the Healer
   365 | D        | Found a burning altar of Makhleb.
   365 | D        | Found a viscous altar of Jiyva.
   365 | D        | Found a shimmering altar of Xom.
   365 | D        | Found a corrupted altar of Lugonu.
   365 | D        | Noticed a slime creature
   382 | D        | Killed a slime creature
   382 | D        | Reached skill level 8 in Axes
   382 | D        | Reached XP level 7. HP: 10/74 MP: 6/6
   399 | D        | Noticed a kobold demonologist
   399 | D        | Noticed a kobold demonologist
   401 | D        | Paralysed by a floating eye for 4 turns
   407 | D        | Reached skill level 9 in Axes
   409 | D        | Noticed a soul eater
   411 | D        | Noticed an ice devil
   411 | D        | Noticed a neqoxec
   415 | D        | Noticed a chaos spawn
   416 | D        | Noticed a sun demon
   417 | D        | Killed a kobold demonologist
   417 | D        | Reached skill level 10 in Axes
   417 | D        | Reached skill level 1 in Stealth
   419 | D        | Killed a kobold demonologist
   419 | D        | Reached skill level 10 in Shields
   419 | D        | Reached XP level 8. HP: 50/84 MP: 7/7
   435 | D        | Noticed Sonja
   436 | D        | Noticed Sonja
   436 | D        | Sonja changed into Sonja the harpy
   442 | D        | Killed Sonja the harpy
   442 | D        | Reached skill level 11 in Axes
   442 | D        | Reached skill level 10 in Armour
   467 | D        | Found Sinuras's Jewellery Boutique.
   488 | D        | Noticed a deep troll
   508 | D        | Killed a deep troll
   508 | D        | Reached skill level 12 in Axes
   508 | D        | Gained mutation: You passively map the area around you.
                  | [Deep Dwarf growth]
   508 | D        | Reached XP level 9. HP: 26/92 MP: 7/7
   518 | D        | Found Goynea's Armour Emporium.
   545 | D        | Noticed a centaur warrior
   547 | D        | Noticed a centaur warrior
   548 | D        | HP: 2/92 [centaur warrior/arrow (24)]
   558 | D        | Killed a centaur warrior
   558 | D        | Reached skill level 13 in Axes
   558 | D        | Reached skill level 1 in Throwing
   558 | D        | Reached skill level 1 in Evocations
   566 | D        | Killed a centaur warrior
   566 | D        | Reached skill level 10 in Fighting
   566 | D        | Reached skill level 14 in Axes
   587 | D        | Reached skill level 5 in Dodging
   612 | D        | Noticed an oklob plant
   622 | D        | Killed an oklob plant
   622 | D        | Reached XP level 10. HP: 75/102 MP: 7/7
   802 | D        | Reached * piety under Elyvilon
   976 | D        | Killed an unseen horror
   976 | D        | Reached skill level 15 in Axes
  1088 | D        | Killed an unseen horror
  1088 | D        | Reached skill level 1 in Invocations
  1110 | D        | Found Hoastik's Antique Armour Shoppe.
  1110 | D        | Found Taibunge's Jewellery Shop.
  1110 | D        | Found Renlyatt's Antique Armour Boutique.
  1112 | D        | Found Deseer's Antique Weapon Emporium.
  1112 | D        | Found Bylesox's Magic Scroll Shop.
  1112 | D        | Found Ythryokhe's Magic Scroll Shoppe.
  1112 | D        | Found Fiav's Book Boutique.
  1112 | D        | Found Vasch's Magic Scroll Emporium.
  1112 | D        | Found Dupusiym's General Store.
  1112 | D        | Found Ceaxtov's Weapon Shoppe.
  1115 | D        | Found Forujoips's Food Boutique.
  1116 | D        | Found Jifaz's Jewellery Emporium.
  1116 | D        | Found Opauso Emip's General Store.
  1117 | D        | Found Qisaole's Magic Scroll Emporium.
  1127 | D        | Bought a ration for 50 gold pieces
  1130 | D        | Bought an uncursed ring of see invisible for 195 gold
                  | pieces
  1241 | D        | Bought a faintly glowing hand axe for 216 gold pieces
  1249 | D        | Identified the +8 hand axe "Ami Rano" {chop, rElec rN+
                  | MR+++} (You bought it in a shop in the Dungeon)
  1463 | D        | Bought the ring "Higong" {rN+ Slay+3} for 514 gold pieces
  1553 | D        | Noticed a lindwurm
  1556 | D        | Killed a lindwurm
  1556 | D        | Reached XP level 11. HP: 111/111 MP: 3/3
  1623 | D        | Reached ** piety under Elyvilon
  1628 | D        | Noticed a daeva
  1672 | D        | Killed a daeva
  1672 | D        | Reached skill level 16 in Axes
  1684 | D        | Killed an unseen horror
  1724 | D        | Killed an unseen horror
  1724 | D        | Reached skill level 15 in Armour
  1724 | D        | Killed an unseen horror
  1739 | D        | Killed an unseen horror
  1740 | D        | Killed an unseen horror
  1792 | D        | Noticed a fire giant
  1793 | D        | Noticed a fire giant
  1796 | D        | Noticed a fire giant
  1814 | D        | Killed from afar by a fire giant

Levels and vault maps discovered:
D:        dungeon_sprint_1 [red_sonja_temple_1, red_sonja_temple_small_1]

Skill      XL: |  1  2  3  4  5  6  7  8  9 10 11 |
---------------+----------------------------------+-----
Fighting       | 4 5 6 8 9 10 11 12 | 12.7
Axes           | 3 4 6 8 10 12 14 15 16 | 16.4
Armour         | 4 6 7 9 10 12 13 15 | 15.4
Shields        | 4 6 7 9 10 11 13 14 | 14.7
Dodging        | 2 3 4 5 6 8 |  8.8
Stealth        | 1 2 |  2.5
Throwing       | 2 |  2.5
Evocations     | 1 2 |  2.1
Invocations    | 1 2 |  2.7

Action                   |  1- 3 |  4- 6 |  7- 9 | 10-12 || total
-------------------------+-------+-------+-------+-------++-------
Melee: War axe           |    15 |    34 |    63 |    91 ||   203
       Hand axe          |       |       |       |   140 ||   140
Throw: Dart              |       |       |     7 |       ||     7
Invok: Lesser Healing    |       |       |       |     5 ||     5
 Abil: Heal Wounds       |     1 |     3 |    13 |    27 ||    44
Evoke: Wand              |       |       |     1 |     1 ||     2
  Use: Potion            |     2 |       |     1 |     2 ||     5
  Eat: Ration            |       |       |       |     2 ||     2
Armor: Scale mail        |     4 |     7 |    12 |   114 ||   137
Dodge: Dodged            |     2 |     9 |    20 |    83 ||   114
Block: Shield            |     5 |    14 |    46 |   131 ||   196

Table legend:
 A = Non-vault XP
 B = Vault XP
 C = Vault XP percentage of total XP
 D = Non-vault monster count
 E = Vault monster count
 F = Vault count percentage of total count
                 A         B        C        D         E       F
            +---------+---------+-------+---------+---------+-------
      Total |       0 |   19319 | 100.0 |       0 |      58 | 100.0
            +---------+---------+-------+---------+---------+-------
          D |       0 |   19319 | 100.0 |       0 |      58 | 100.0
            +---------+---------+-------+---------+---------+-------
